 Dungeon Crawl Stone Soup version 0.29-a0-67-g1d65ae1bb4 (webtiles) character file.

Game seed: 18213941685678384186

63 Destapler the Caller (level 4, 0/22 HPs)
             Began as a Vine Stalker Summoner on Feb 2, 2022.
             Slain by an adder (1 damage)
             ... on level 2 of the Dungeon.
             The game lasted 00:06:32 (2914 turns).

Destapler the Caller (Vine Stalker Summoner)        Turns: 2914, Time: 00:06:32

Health: 0/22       AC:  2    Str: 10    XL:     4   Next: 9%
Magic:  0/9        EV: 12    Int: 17    God:
Gold:   45         SH:  0    Dex: 15    Spells: 5/8 levels left

rFire   . . .      SeeInvis .     - Unarmed
rCold   . . .      Faith    .   (no shield)
rNeg    . . .      Spirit   +   a - +0 robe
rPois   .          Reflect  .   (no helmet)
rElec   .          Harm     .   (no cloak)
rCorr   .          Rampage  .   (no gloves)
Will    .....                   (no boots)
Stlth   +.........              (no amulet)
HPRegen 0.87/turn               (no ring)
MPRegen 0.11/turn               (no ring)

@: lethally poisoned (0 -> -1), very slow
A: fangs 2, regeneration 1, magic shield, antimagic bite, no potion heal 2
a: no special abilities


You were on level 2 of the Dungeon.
You visited 1 branch of the dungeon, and saw 2 of its levels.

You collected 45 gold pieces.

Inventory:

Armour
 a - a +0 robe (worn)
Scrolls
 b - a scroll of teleportation {unknown}
 c - a scroll of magic mapping {unknown}
 d - 2 scrolls of identify {unknown}
 g - a scroll of noise {unknown}
 h - a scroll of fog {unknown}
Potions
 e - a potion of curing {unknown}
 f - a potion of cancellation {unknown}
 i - 2 potions of invisibility {unknown}


   Skills:
 + Level 1.1 Fighting
 + Level 1.9 Dodging
 + Level 2.9 Stealth
 + Level 1.0 Unarmed Combat
 + Level 2.6 Spellcasting
 + Level 1.2 Hexes
 + Level 4.1 Summonings


You had 5 spell levels left.
You knew the following spells:

 Your Spells              Type           Power      Damage    Failure   Level
a - Summon Small Mammal   Summ           64%        N/A       3%          1
b - Call Imp              Summ           16%        N/A       4%          2

Your spell library contained the following spells:

 Spells                   Type           Power      Damage    Failure   Level
 Call Canine Familiar     Summ           16%        N/A       10%         3
 Animate Skeleton         Necr           4%         N/A       19%         1
 Magic Dart               Conj           8%         1d3       19%         1
 Pain                     Necr           8%         1d4       19%         1
 Summon Guardian Golem    Hex/Summ       11%        N/A       19%         3
 Searing Ray              Conj           4%         2d4       26%         2
 Vampiric Draining        Necr           2%         2d6       47%         3
 Summon Lightning Spire   Summ/Air       9%         N/A       58%         4
 Fulminant Prism          Conj/Hex       2%         3d6       80%         4
 Petrify                  Tmut/Erth      2%         N/A       87%         4
 Metabolic Englaciation   Hex/Ice        2%         N/A       98%         5
 Statue Form              Tmut/Erth      1%         N/A       100%        6


Dungeon Overview and Level Annotations

Branches:
Dungeon (2/15)

Altars:


Innate Abilities, Weirdness & Mutations

You have extremely sharp teeth.
Your natural rate of healing is unusually fast.
When hurt, damage is shared between your health and your magic reserves.
Your bite disrupts and absorbs the magic of your enemies.
Potions cannot restore your health.


Message History

Your crimson imp closely misses the adder.
You barely miss the adder.
The adder is heavily wounded.
You feel sick. The adder completely misses you.
The adder closely misses you. x2
Your crimson imp closely misses the adder.
You hit the adder but do no damage.
The adder is heavily wounded.
You feel sick. The adder bites you. The adder closely misses you.
Your crimson imp misses the adder.
A metallic apparition takes form in the air.
You feel sick.
Your crimson imp disappears in a puff of smoke!
The adder closely misses you. The adder barely misses you. The adder bites you.
You are more poisoned.
The adder poisons you!
You closely miss the adder. Your bite misses the adder.
The adder is heavily wounded.
You feel sick. The adder closely misses you. The adder barely misses you.
You hit the adder but do no damage.
The adder is heavily wounded.
You feel sick.
The adder bites you. x2; The adder misses you.
You hit the adder but do no damage.
The adder is heavily wounded.
You feel sick. The adder bites you.
* * * LOW HITPOINT WARNING * * *
You are more poisoned.
The adder poisons you! The adder bites you but does no damage.
You hit the adder. You bite the adder. You drain its power.
You feel invigorated.
The adder is severely wounded.
You feel sick. The adder barely misses you. x2
Your iron imp splashes around in the water.
The adder bites you.
* * * LOW HITPOINT WARNING * * *
You enter the shallow water.
Moving in this stuff is going to be slow.
* * * LOW HITPOINT WARNING * * *
You feel very sick.
Your iron imp closely misses the adder.
The adder bites you.
You die...

..# ###.....#
..######.##..##.......≈..
..........#.##≈...≈≈..≈..
..##........#≈≈..≈..≈..≈.
..#........<#≈≈..≈..≈⌠.≈.
..#.........#≈≈...≈.⌠≈..≈
..#.........#≈≈≈..≈..≈..≈
.##.........##≈≈≈S.≈..≈≈.
.##..........##.@S?≈.....
.............##..≈5.[....
.####.........#..........
.........................
............#......#..#..
..#.......#####..#...## .
#.......#.. ##.#...#
########### #.....#
####....


You could see 2 adders and a friendly iron imp (summoned).

Vanquished Creatures
  A dart slug (D:1)
  An endoplasm (D:1)
  A giant cockroach (D:1)
  A goblin (D:1)
  2 hobgoblins (D:1)
  2 jackals (D:1)
  A kobold (D:1)
  A quokka (D:2)
  4 ball pythons
  A bat (D:1)
  A frilled lizard (D:1)
  2 rats (D:1)
18 creatures vanquished.

Vanquished Creatures (collateral kills)
  Terence (D:1)
  2 ball pythons (D:1)
  A bat (D:1)
  An endoplasm (D:1)
  A goblin (D:1)
  4 hobgoblins (D:1)
  A jackal (D:1)
  A quokka (D:2)
  A rat (D:2)
13 creatures vanquished.

Grand Total: 31 creatures vanquished

Notes
Turn   | Place    | Note
-------+----------+-------------------------------------------
     0 | D:1      | Destapler the Vine Stalker Summoner began the quest for the
                  | Orb.
     0 | D:1      | Reached XP level 1. HP: 9/9 MP: 4/4
   608 | D:1      | Reached XP level 2. HP: 9/13 MP: 6/6
   611 | D:1      | Learned a level 2 spell: Call Imp
  1467 | D:1      | Reached XP level 3. HP: 12/17 MP: 5/7
  2650 | D:2      | Noticed Terence
  2771 | D:1      | Reached skill level 1 in Hexes
  2793 | D:1      | Killed Terence
  2794 | D:1      | Reached skill level 1 in Fighting
  2794 | D:1      | Reached skill level 1 in Unarmed Combat
  2794 | D:1      | Gained mutation: Your natural rate of healing is unusually
                  | fast. [Vine Stalker growth]
  2794 | D:1      | Reached XP level 4. HP: 8/22 MP: 3/9
  2914 | D:2      | HP: 1/22 [poisoned by an adder]
  2914 | D:2      | Slain by an adder

Illustrated notes

Levels and vault maps discovered:
D:1:      minmay_arrival_three_doors, layout_basic, hangedman_feature_mirror,
          minmay_misc_feat_enclosed, kennysheep_flooded_box
D:2:      cheibrodos_helix_gallery, layout_rooms, serial_shops, shop_statue,
          minmay_misc_feat_cross, uniq_crazy_yiuf_cottage, uniq_natasha,
          uniq_terence

Skill      XL: |  1  2  3 |
---------------+----------+-----
Hexes          | 1 |  1.2
Fighting       | 1 |  1.1
Unarmed Combat | 1 |  1.0
Dodging        | |  1.9
Stealth        | |  2.9
Spellcasting   | |  2.6
Summonings     | |  4.1

Action                   |  1- 3 |  4- 6 || total
-------------------------+-------+-------++-------
Melee: Unarmed           |    79 |     9 ||    88
       Bite              |    20 |     2 ||    22
       Punch             |     4 |       ||     4
 Cast: Summon Small Mamm |    10 |       ||    10
       Call Imp          |    20 |     2 ||    22
 Stab: Sleeping          |     3 |       ||     3
Armor: Robe              |    13 |     1 ||    14
Dodge: Dodged            |    62 |    16 ||    78

Table legend: (Time is in decaauts)
 A = Elapsed time spent in this place.
 B = Non-inter-level travel time spent in this place.
 C = Inter-level travel time spent in this place.
 D = Time resting spent in this place.
 E = Time spent auto-exploring this place.
 F = Levels seen in this place.
 G = Mean time per level.
                   A        B        C        D        E       F      G
               +--------+--------+--------+--------+--------+-----+--------+
         Total |   2914 |   2822 |     92 |    593 |   1919 |   2 | 1457.0 |
       Dungeon |   2914 |   2822 |     92 |    593 |   1919 |   2 | 1457.0 |
               +--------+--------+--------+--------+--------+-----+--------+

Top non-repeatable levels by time:
     D:1: 2590 daAuts
     D:2: 324 daAuts
